 Dungeon Crawl Stone Soup version 0.27.0-1-g7a089689b8 (webtiles) character file.

Game seed: 18156923564118142060

3825 Amplified the Skirmisher (level 9, 0/79 HPs)
             Began as a Black Draconian Hedge Wizard on Aug 3, 2021.
             Was a Follower of Uskayaw.
             Succumbed to a water moccasin's poison
             ... on level 8 of the Dungeon.
             The game lasted 00:16:58 (9642 turns).

Amplified the Skirmisher (DrWz)                     Turns: 9642, Time: 00:16:59

Health: 0/79       AC:  9    Str: 12 (13) XL:     9   Next: 97%
Magic:  17/19      EV: 14    Int: 13 (15) God:    Uskayaw [*.....]
Gold:   395        SH:  0    Dex: 13      Spells: 13/21 levels left

rFire    . . .     SeeInvis .   j - +6 dagger (speed)
rCold    . . .     Faith    .   (no shield)
rNeg     . . .     Spirit   .   (armour unavailable)
rPois    .         Reflect  .   b - +0 hat
rElec    +         Harm     .   (no cloak)
rCorr    .         Rampage  .   e - +0 pair of gloves
Will     .....                  d - +0 pair of boots
Stlth    ++++......             (no amulet)
HPRegen  0.23/turn              a - ring of wizardry
MPRegen  0.16/turn              (no ring)

@: lethally poisoned (0 -> -3)
A: breathe lightning, AC +7, unfitting armour, electricity resistance,
cold-blooded, camouflage 1, MP-powered wands
a: Breathe Lightning, Renounce Religion, Stomp


You were on level 8 of the Dungeon.
You worshipped Uskayaw.
Uskayaw was noncommittal.
You visited 1 branch of the dungeon, and saw 8 of its levels.

You collected 395 gold pieces.

Inventory:

Hand Weapons
 c - a +2 whip of flaming
 i - a +1 dagger of venom
 j - a +6 dagger of speed (weapon)
Missiles
 n - 13 poisoned darts
Armour
 b - a +0 hat (worn)
 d - a +0 pair of boots (worn)
 e - a +0 pair of gloves (worn)
Magical Staves
 f - a staff of conjuration
 o - a staff of death
Jewellery
 a - a ring of wizardry (left hand)
 k - an amulet of guardian spirit
Wands
 h - a wand of iceblast (10)
Scrolls
 g - a scroll of enchant weapon


   Skills:
 * Level 7.0 Fighting
 * Level 6.1 Dodging
 * Level 6.3 Stealth
 * Level 6.6 Spellcasting
 - Level 5.3 Conjurations
 - Level 1.0 Summonings
 - Level 1.0 Translocations
 * Level 3.7 Invocations


You had 13 spell levels left.
You knew the following spells:

 Your Spells              Type           Power      Damage    Failure   Level
a - Magic Dart            Conj           72%        1d6       1%          1
b - Blink                 Tloc           N/A        N/A       6%          2
c - Call Imp              Summ           6%         N/A       6%          2
d - Mephitic Cloud        Conj/Pois/Air  8%         N/A       9%          3

Your spell library contained the following spells:

 Spells                   Type           Power      Damage    Failure   Level
 Conjure Flame            Conj/Fire      11%        6-21      6%          3
 Ensorcelled Hibernation  Hex/Ice        8%         N/A       10%         2
 Slow                     Hex            4%         N/A       10%         2
 Spider Form              Tmut/Pois      2%         N/A       19%         3
 Olgreb's Toxic Radiance  Pois           4%         N/A       52%         4
 Shadow Creatures         Summ           N/A        N/A       99%         6
 Ozocubu's Refrigeration  Ice            2%         4d5       100%        7
 Ignition                 Fire           2%         3d3       100%        8


Dungeon Overview and Level Annotations

Branches:
Dungeon (8/15)             Temple (0/1) D:4
   Lair: D:8-11

Altars:
Nemelex Xobeh
Qazlal
Ru
Uskayaw

Shops:
D:1 =

Annotations:
D:1 Shields up asap


Innate Abilities, Weirdness & Mutations

You can breathe wild blasts of lightning.
Your glossy black scales are hard. (AC +7)
You cannot fit into any form of body armour.
You are resistant to electric shocks. (rElec)
You are cold-blooded and may be slowed by cold attacks.
Your skin changes colour to match your surroundings (Stealth+).
You expend magic power (3 MP) to strengthen your wands.


Message History

You aren't carrying any potions.
Unknown command.
This spell is dangerous to cast!
Memorise Spider Form, consuming 3 spell levels and leaving 10?
Your memorisation is interrupted.
* * * LOW HITPOINT WARNING * * *
You feel very sick.
Unknown command.
Unknown command.
Okay, then.
* * * LOW HITPOINT WARNING * * *
You feel very sick.
* * * LOW HITPOINT WARNING * * *
You feel very sick.
You can no longer pass through a line of other dancers.
* * * LOW HITPOINT WARNING * * *
You feel sick.
Unknown command.
Unknown command.
You aren't carrying any potions.
Unknown command.
* * * LOW HITPOINT WARNING * * *
You feel sick.
Unknown command.
You start putting on your amulet.
You continue putting on your amulet of guardian spirit.
Keep equipping yourself? [Y]es or [N]o only, please.
Keep equipping yourself?
* * * LOW HITPOINT WARNING * * *
You feel sick.
You continue putting on your amulet of guardian spirit.
* * * LOW HITPOINT WARNING * * *
You feel sick.
Your white imp disappears in a puff of smoke!
You continue putting on your amulet of guardian spirit.
* * * LOW HITPOINT WARNING * * *
You feel sick.
You continue putting on your amulet of guardian spirit.
You die...

..##..#....+... ....#
####..#....#..## ....#####
#...#....#### #........
#...#....# #........
#...#....+ #........
######....##########........
#..........................#
#..........................#
#...............@5.........#
#...............).)........#
#########+######.).)###+####
#.)..# +....# #....# ##....#
#....# +....+


You could see a friendly crimson imp (summoned).

Vanquished Creatures
  Pikel (D:3)
  A centaur zombie (D:7)
  Sigmund (D:5)
  2 water moccasins
  2 orc warriors
  2 black bears
  3 necrophages
  A centaur (D:6)
  4 ogres
  3 phantoms
  Blork the orc (D:4)
  2 bullfrogs (D:7)
  5 scorpions
  A wyvern skeleton (D:7)
  A water moccasin skeleton (D:6)
  An electric eel (D:7)
  4 hounds
  An orc priest (D:6)
  A centaur skeleton (D:6)
  2 jellies
  3 bullfrog skeletons
  6 orc wizards
  2 hound zombies (D:5)
  A hound skeleton (D:5)
  4 adders
  2 white imps
  An adder skeleton (D:4)
  A worm (D:5)
  5 dart slugs
  17 orcs
  5 ball pythons
  9 endoplasms
  3 giant cockroaches
  12 goblins
  4 hobgoblins
  3 quokkas
  9 bats
  2 frilled lizards
  5 kobolds
  7 rats
  A spectral hobgoblin (D:1)
141 creatures vanquished.

Vanquished Creatures (collateral kills)
  2 water moccasins
2 creatures vanquished.

Vanquished Creatures (others)
  2 fungi (D:7)
2 creatures vanquished.

Grand Total: 145 creatures vanquished

Notes
Turn   | Place    | Note
-------+----------+-------------------------------------------
     0 | D:1      | Amplified the Draconian Hedge Wizard began the quest for
                  | the Orb.
     0 | D:1      | Reached XP level 1. HP: 14/14 MP: 4/4
    30 | D:1      | Found a faded altar of an unknown god.
    38 | D:1      | Became a worshipper of Uskayaw the Reveller
    38 | D:1      | Reached * piety under Uskayaw
   111 | D:1      | Found Qeamo's Jewellery Emporium.
   310 | D:1      | Reached ** piety under Uskayaw
   487 | D:1      | Reached XP level 2. HP: 19/22 MP: 6/6
   574 | D:1      | Learned a level 2 spell: Blink
   743 | D:1      | Reached skill level 1 in Fighting
  1505 | D:2      | Reached XP level 3. HP: 27/28 MP: 7/7
  2059 | D:3      | Found a sparkling altar of Nemelex Xobeh.
  2299 | D:3      | Reached XP level 4. HP: 36/36 MP: 9/9
  2313 | D:3      | Reached skill level 2 in Fighting
  2430 | D:3      | Noticed an air elemental
  2431 | D:3      | Found a stormy altar of Qazlal.
  2433 | D:3      | Noticed a fire elemental
  2434 | D:3      | Noticed a water elemental
  2434 | D:3      | Noticed an earth elemental
  3109 | D:4      | Noticed Blork the orc
  3274 | D:4      | Noticed a lemure
  3278 | D:4      | Noticed a lemure
  3370 | D:5      | Entered Level 5 of the Dungeon
  3523 | D:5      | Noticed a scorpion
  3543 | D:5      | Reached *** piety under Uskayaw
  3548 | D:5      | Killed a scorpion
  3548 | D:5      | Reached **** piety under Uskayaw
  3549 | D:5      | Reached XP level 5. HP: 32/42 MP: 10/10
  3747 | D:5      | Noticed Sigmund
  3766 | D:5      | Learned a level 2 spell: Call Imp
  3942 | D:5      | Learned a level 3 spell: Mephitic Cloud
  4064 | D:5      | Reached XP level 6. HP: 47/50 MP: 11/11
  4126 | D:4      | Reached skill level 3 in Fighting
  4335 | D:4      | Found a staircase to the Ecumenical Temple.
  4605 | D:4      | Noticed Pikel
  4615 | D:4      | Killed Blork the orc
  4650 | D:3      | Killed Pikel
  4651 | D:3      | Reached skill level 4 in Fighting
  4651 | D:3      | Your scales start taking on a glossy black colour.
  4651 | D:3      | Reached XP level 7. HP: 27/59 MP: 3/14
  4651 | D:3      | Gained mutation: You are resistant to electric shocks.
                  | (rElec) [Black Draconian growth]
  5385 | D:4      | Reached XP level 8. HP: 62/67 MP: 13/15
  5585 | D:4      | Reached skill level 5 in Spellcasting
  5944 | D:5      | Reached skill level 5 in Fighting
  6199 | D:5      | Killed Sigmund
  6200 | D:5      | Reached skill level 5 in Conjurations
  6481 | D:5      | Reached skill level 5 in Dodging
  6497 | D:6      | Reached skill level 5 in Stealth
  6509 | D:6      | Reached XP level 9. HP: 54/75 MP: 8/17
  6703 | D:6      | Reached skill level 1 in Invocations
  7065 | D:6      | Found a hide-covered altar of Uskayaw.
  7186 | D:6      | Reached skill level 6 in Fighting
  7532 | D:6      | Gained mutation: Your skin changes colour to match your
                  | surroundings (Stealth+). [potion of mutation]
  7532 | D:6      | Gained mutation: You expend magic power (3 MP) to
                  | strengthen your wands. [potion of mutation]
  8720 | D:7      | Found a sacrificial altar of Ru.
  9616 | D:8      | Reached skill level 7 in Fighting
  9639 | D:8      | HP: 3/79 [poisoned by a water moccasin]
  9641 | D:8      | HP: 1/79 [poisoned by a water moccasin]
  9642 | D:8      | Succumbed to a water moccasin's poison

Illustrated notes

Levels and vault maps discovered:
D:1:      dpeg_arrival_tiny_j, layout_loops_ring, serial_shops,
          nicolae_diamond_shop, dreamdust_ecumenical_altar_drowned_temple
D:2:      layout_basic, grunt_decor_cap
D:3:      layout_basic, nicolae_qazlal_style_of_elements,
          nemelex_spade_bored_becter
D:4:      minmay_octagon_keep, layout_layer_cave, minmay_temple_entry_glass,
          uniq_blork_the_orc, uniq_pikel
D:5:      layout_basic, uniq_sigmund
D:6:      layout_rooms, mainiacjoe_overflow_concentric_impassable,
          grunt_ministairs_8, nicolae_underground_beach
D:7:      layout_basic, general_overflow_altar, chequers_serial_rivers_small_a,
          minmay_misc_feat_alley, water_boxes_lemuel
D:8:      layout_gridville, lair_entry_dummy

Skill      XL: |  1  2  3  4  5  6  7  8  9 |
---------------+----------------------------+-----
Dodging        | 2 3 4 5 6 |  6.1
Fighting       | 1 2 4 5 7 |  7.0
Conjurations   | 2 4 5 |  5.3
Stealth        | 2 3 4 5 6 |  6.3
Spellcasting   | 4 5 6 |  6.6
Invocations    | 3 |  3.7
Summonings     | |  1.0
Translocations | |  1.0

Action                   |  1- 3 |  4- 6 |  7- 9 || total
-------------------------+-------+-------+-------++-------
Melee: Dagger            |   183 |   132 |   372 ||   687
       Tailslap          |    22 |    19 |    50 ||    91
 Cast: Magic Dart        |    10 |       |    13 ||    23
       Mephitic Cloud    |       |     4 |    14 ||    18
       Call Imp          |       |     1 |     7 ||     8
       Blink             |       |       |     3 ||     3
Invok: Stomp             |     1 |     1 |     8 ||    10
       Line Pass         |       |       |     1 ||     1
 Abil: Breathe Lightning |       |       |     5 ||     5
Evoke: Wand              |       |       |     5 ||     5
  Use: Scroll            |     4 |     4 |     4 ||    12
       Potion            |       |     9 |     7 ||    16
 Stab: Invisible         |       |     4 |     3 ||     7
       Sleeping          |       |     3 |     5 ||     8
       Confused          |       |     4 |     9 ||    13
       Paralysed         |       |       |     5 ||     5
Armor: Skin              |    71 |    29 |   117 ||   217
Dodge: Dodged            |   117 |    60 |   165 ||   342
